 Dungeon Crawl Stone Soup version 0.30-a0-272-gf98c3da03f (webtiles) character file.

Game seed: 7351875754484795072

158 qw the Shield-Bearer (level 5, 0/32 HPs)
             Began as a Gargoyle Fighter on Oct 15, 2022.
             Slain by a gnoll
             ... wielding a +0 spear
              (3 damage)
             ... on level 3 of the Dungeon.
             The game lasted 00:00:56 (2116 turns).

qw the Shield-Bearer (Gargoyle Fighter)             Turns: 2116, Time: 00:00:57

Health: 0/32       AC: 13    Str: 21    XL:     5   Next: 39%
Magic:  5/5        EV:  6    Int:  9    God:
Gold:   118        SH:  8    Dex:  9    Spells: 4/4 levels left

rFire   . . .      SeeInvis .    Y - +1 war axe
rCold   . . .      Faith    .    h - +0 kite shield
rNeg    + . .      Spirit   .    c - +0 chain mail
rPois   inf        Reflect  .    (no helmet)
rElec   +          Harm     .    (no cloak)
rCorr   .          Rampage  .    (no gloves)
Will    .....                    (no boots)
Stlth   ..........               (no amulet)
HPRegen 0.25/turn                (no ring)
MPRegen 0.09/turn                (no ring)

@: no status effects
A: sickness immunity, AC +4, negative energy resistance 1, electricity
resistance, torment resistance 1, petrification resistance
a: no special abilities


You were on level 3 of the Dungeon.
You visited 1 branch of the dungeon, and saw 3 of its levels.

You collected 118 gold pieces.


Innate Abilities, Weirdness & Mutations

You are immune to sickness and miasma.
Your stone body is resilient. (AC +4)
You are immune to poison.
You resist negative energy. (rN+)
You are resistant to electric shocks. (rElec)
You are resistant to unholy torment.
You are immune to petrification.


   Skills:
 - Level 3.2 Fighting
 - Level 4.0 Axes
 - Level 1.4 Throwing
 - Level 3.2 Armour
 + Level 4.2 Shields


You had 4 spell levels left.
You didn't know any spells.
Your spell library was empty.

Inventory:

Hand Weapons
 e - a +0 mace
 Y - a +1 war axe (weapon)
Missiles
 j - 9 javelins (quivered)
Armour
 c - a +0 chain mail (worn)
 h - a +0 kite shield (worn)
 l - the +0 scale mail of Words of Power {rC+ Dex-3 Stlth+}
   (You found it on level 2 of the Dungeon)

   Dex:       It affects your dexterity (-3).
   rC:        It protects you from cold.
   Stlth:     It makes you more stealthy.
Jewellery
 i - a ring of ice
Scrolls
 a - 2 scrolls of identify
Potions
 b - a potion of heal wounds {unknown}
 d - a potion of might
 f - a potion of cancellation {unknown}
 g - a potion of lignification {unknown}
 k - a potion of resistance {unknown}

Dungeon Overview and Level Annotations

Branches:
Dungeon (3/15)

Altars:


Message History

You slash the bat!
You kill the bat!
You see here a bat corpse.
Found a robe.
Enter note:
j - 9 javelins (gained 5) 3 gnolls come into view.
The gnoll shouts! x2; You hear a shout!
The gnoll hits you but does no damage.
Enter note: The gnoll hits you but does no damage.
The gnoll hits you from afar with a +0 spear.
The gnoll hits you from afar with a +0 halberd.
You hit the gnoll but do no damage. The gnoll hits you with a +0 spear.
The gnoll hits you from afar with a +0 spear.
You block the gnoll's attack.
You hit the gnoll.
The gnoll is lightly wounded.
The gnoll hits you but does no damage.
The gnoll hits you from afar with a +0 spear.
The gnoll completely misses you. The gnoll closely misses you.
The gnoll hits you but does no damage. You block the gnoll's attack.
You slash the gnoll!
The gnoll is severely wounded.
The gnoll hits you with a +0 spear. You block the gnoll's attack.
The gnoll barely misses you.
You slash the gnoll!
You kill the gnoll!
The gnoll hits you but does no damage. The gnoll closely misses you.
The gnoll hits you but does no damage.
The gnoll hits you from afar with a +0 spear.
The gnoll hits you with a +0 halberd. You block the gnoll's attack.
Things that are here:
a +0 spear; a gnoll corpse You hit the gnoll.
The gnoll is lightly wounded.
You closely miss the gnoll. You block the gnoll's attack.
The gnoll hits you with a +0 spear.
You die...

..# .# .. ..# .#
#... ..# .###... ..#
.#.....
)######........
...............#####
.#............ ....#
.#.........### #gg#
....)......# #@#
............####.#
............#....#
............#.####
.###..#####.....# .#
...# ###.#.##
##..#.# #.#..##
#..##.# ##.##..# #.#
#.# #..###.#


You could see 2 gnolls.

Vanquished Creatures
  A hound (D:2)
  A gnoll (D:3)
  5 adders
  A worm (D:3)
  2 dart slugs
  An orc (D:3)
  11 ball pythons
  2 bats (D:3)
  4 endoplasms
  6 giant cockroaches
  5 goblins
  7 hobgoblins
  2 jackals (D:2)
  8 kobolds
  A quokka (D:2)
  7 rats
64 creatures vanquished.

Vanquished Creatures (others)
  2 plants (D:2)
2 creatures vanquished.

Grand Total: 66 creatures vanquished

Notes
Turn   | Place    | Note
-------+----------+-------------------------------------------
     0 | D:1      | qw the Gargoyle Fighter began the quest for the Orb.
     0 | D:1      | Reached XP level 1. HP: 14/14 MP: 1/1
     0 | D:1      | 0 ||| qw: Version: 0.2-a-19-gadd0ef8
     0 | D:1      | 0 ||| qw: Game counter: 7
     0 | D:1      | 0 ||| qw: Always use a shield: true
     0 | D:1      | 0 ||| qw: God list: Okawaru
     0 | D:1      | 0 ||| qw: Allow faded altars: false
     0 | D:1      | 0 ||| qw: Do Orc after D:15 true
     0 | D:1      | 0 ||| qw: Do second Lair branch before Depths: true
     0 | D:1      | 0 ||| qw: Lair rune preference: random
     0 | D:1      | 0 ||| qw: Plans: Normal, Zot:1-4, God:TSO, Crypt, Tomb,
                  | Pan, Slime:5, Hells, Abyss, Orb
     0 | D:1      | 0 ||| PLANNING D:1-11
   250 | D:1      | Reached XP level 2. HP: 18/19 MP: 2/2
   344 | D:1      | 344 ||| Stepping ~*~*~tactically~*~*~ (stealth).
   611 | D:1      | Reached skill level 3 in Axes
   620 | D:1      | Reached XP level 3. HP: 23/23 MP: 3/3
   848 | D:1      | 848 ||| UPGRADING to +0 kite shield.
   858 | D:1      | 858 ||| DROPPING +0 buckler.
   859 | D:1      | 859 ||| READING 2 scrolls labelled XAMEACU OGEFI.
   860 | D:1      | 860 ||| READING scroll labelled CAS OCVEODALL.
   861 | D:1      | 861 ||| READING scroll labelled DUCWEB FOYLIA.
   862 | D:1      | 862 ||| READING scroll labelled HYOBEI META.
   863 | D:1      | 863 ||| READING scroll labelled EFIARA HOVU.
   908 | D:2      | 908 ||| Stepping ~*~*~tactically~*~*~ (stealth).
  1055 | D:2      | 1055 ||| Stepping ~*~*~tactically~*~*~ (stealth).
  1191 | D:2      | 1191 ||| Stepping ~*~*~tactically~*~*~ (stealth).
  1192 | D:2      | 1192 ||| Stepping ~*~*~tactically~*~*~ (stealth).
  1424 | D:2      | 1424 ||| Stepping ~*~*~tactically~*~*~ (stealth).
  1426 | D:2      | 1426 ||| Stepping ~*~*~tactically~*~*~ (hiding).
  1458 | D:2      | Reached XP level 4. HP: 28/28 MP: 4/4
  1461 | D:2      | Identified the +9 dagger "Mehih" {vamp, +Blink SInv Stlth+}
  1601 | D:2      | Identified the +0 scale mail of Words of Power {rC+ Dex-3
                  | Stlth+}
  1619 | D:2      | 1619 ||| UPGRADING to +0 chain mail.
  1629 | D:2      | 1629 ||| DROPPING +0 scale mail.
  1630 | D:2      | 1630 ||| READING scroll labelled LAUHIWUHUSM.
  1645 | D:3      | 1645 ||| STAIRDANCE
  1657 | D:3      | 1657 ||| STAIRDANCE
  1676 | D:2      | Reached skill level 1 in Throwing
  1766 | D:3      | 1766 ||| Stepping ~*~*~tactically~*~*~ (stealth).
  1778 | D:3      | 1778 ||| FLEEEEING.
  1779 | D:3      | 1779 ||| FLEEEEING.
  1780 | D:3      | 1780 ||| FLEEEEING.
  1803 | D:3      | Reached XP level 5. HP: 29/32 MP: 5/5
  1968 | D:3      | 1968 ||| Stepping ~*~*~tactically~*~*~ (stealth).
  1977 | D:3      | 1977 ||| Stepping ~*~*~tactically~*~*~ (stealth).
  2114 | D:3      | HP: 7/32 [gnoll/+0 spear (3)]
  2115 | D:3      | HP: 2/32 [gnoll/+0 halberd (5)]
  2116 | D:3      | Slain by a gnoll

Levels and vault maps discovered:
D:1:      lemuel_arrival_tunnels, layout_loops_ring, minmay_tall_x
D:2:      layout_loops_ring, minmay_shallow_snake_nest
D:3:      layout_rooms, skrybe_limestone_x

Skill      XL: |  1  2  3  4  5 |
---------------+----------------+-----
Axes           | 2 3 4 |  4.0
Shields        | 4 |  4.2
Throwing       | 1 |  1.4
Fighting       | |  3.2
Armour         | |  3.2

Action                   |  1- 3 |  4- 6 || total
-------------------------+-------+-------++-------
Melee: War axe           |   117 |    68 ||   185
Throw: Javelin           |       |    17 ||    17
  Use: Scroll            |     5 |     1 ||     6
Armor: Scale mail        |    59 |     2 ||    61
       Chain mail        |       |    44 ||    44
Dodge: Dodged            |    43 |    29 ||    72
Block: Buckler           |     9 |       ||     9
       Kite shield       |    34 |    36 ||    70

Table legend:
 A = Non-vault XP
 B = Vault XP
 C = Vault XP percentage of total XP
 D = Non-vault monster count
 E = Vault monster count
 F = Vault count percentage of total count
                 A         B        C        D         E       F
            +---------+---------+-------+---------+---------+-------
      Total |     201 |      25 |  11.1 |      56 |       8 |  12.5
            +---------+---------+-------+---------+---------+-------
        D:1 |      30 |       6 |  16.7 |      17 |       4 |  19.0
        D:2 |      78 |      19 |  19.6 |      21 |       4 |  16.0
        D:3 |      93 |       0 |   0.0 |      18 |       0 |   0.0
            +---------+---------+-------+---------+---------+-------
